 Dungeon Crawl Stone Soup version 0.20-a0-941-gba1b1f9 (webtiles) character file.

699 nikopol the Skirmisher (level 7, 0/44 HPs)
             Began as a Gargoyle Berserker on Mar 31, 2017.
             Was a Priest of Trog.
             Slain by an ogre
             ... wielding a +0 giant spiked club
              (16 damage)
             ... on level 4 of the Dungeon.
             The game lasted 00:05:40 (2906 turns).

nikopol the Skirmisher (Gargoyle Berserker)         Turns: 2906, Time: 00:05:40

Health: 0/44       AC: 15    Str: 22    XL:     7   Next: 65%
Magic:  7/7        EV:  9    Int:  7    God:    Trog [***...]
Gold:   288        SH:  4    Dex: 10    Spells: 6/6 levels left

rFire    . . .     SeeInvis .   a - +0 mace
rCold    . . .     Gourm    .   m - +0 buckler
rNeg     + . .     Faith    .   q - +0 chain mail
rPois    ∞         Spirit   .   x - +0 helmet
rElec    +         Reflect  .   (no cloak)
rCorr    .         Harm     .   (no gloves)
MR       .....                  (no boots)
Stlth    ..........             (no amulet)
Regen    0.2/turn               (no ring)
MPRegen  0.1/turn               (no ring)

@: exhausted
A: negative energy resistance 1, electricity resistance, unbreathing,
petrification resistance, rot immunity, AC +4
a: Berserk, Trog's Hand, Burn Spellbooks, Renounce Religion


You were on level 4 of the Dungeon.
You worshipped Trog.
Trog was most pleased with you.
You were hungry.

You visited 1 branch of the dungeon, and saw 4 of its levels.

You collected 288 gold pieces.

Inventory:

Hand Weapons
 a - a +0 mace (weapon)
Armour
 b - a +0 animal skin
 m - a +0 buckler (worn)
 p - a +0 leather armour
 q - a +0 chain mail (worn)
 x - a +0 helmet (worn)
Wands
 s - a wand of iceblast (3/15)
 B - a wand of flame (10/48)
Scrolls
 e - 3 scrolls of teleportation {unknown}
 j - 2 scrolls of recharging {unknown}
 l - 2 scrolls of blinking {unknown}
 n - 7 scrolls of identify {unknown}
 r - 2 scrolls of remove curse {unknown}
 t - a scroll of fog {unknown}
 w - a scroll of noise {unknown}
 y - a scroll of enchant armour {unknown}
 C - a scroll of random uselessness {unknown}
Potions
 d - 2 potions of mutation {unknown}
 f - a potion of brilliance {unknown}
 g - 3 potions of berserk rage {unknown}
 i - 5 potions of curing {unknown}
 o - a potion of degeneration {unknown}
 v - 2 potions of heal wounds {unknown}
 A - a potion of ambrosia {unknown}
 D - a potion of agility {unknown}
Comestibles
 c - 3 bread rations
 h - 3 royal jellies
 k - 3 fruits
 u - a meat ration
 z - 3 chunks of flesh


   Skills:
 + Level 5.2 Fighting
 + Level 4.6 Maces & Flails
 + Level 4.5 Armour
 + Level 3.3 Dodging
 + Level 3.6 Shields


You had 6 spell levels left.
You didn't know any spells.

Dungeon Overview and Level Annotations

Branches:
Dungeon (4/15)
 Temple: D:4-7

Altars:
Kikubaaqudgha
Ru


Innate Abilities, Weirdness & Mutations

You are resistant to torment.
Your stone body is resilient. (AC +4)
You are immune to poison.
You resist negative energy. (rN+)
You are resistant to electric shocks. (rElec)
You can survive without breathing.
You are immune to petrification.
You are immune to rotting.


Message History

You hit Pikel.
You kill Pikel!
Trog accepts your kill.
Your Fighting skill increases to level 5!
Your Maces & Flails skill increases to level 4!
Your Armour skill increases to level 4!
Your Dodging skill increases to level 3!
Your Shields skill increases to level 3!
You have reached level 7!
With Pikel's spell broken, the former slaves thank you for their freedom.
The ogre barely misses you.
The freed slave hits the ogre.
The ogre closely misses you.
The bullfrog zombie hits something.
A bullfrog zombie comes into view.
Something hits the ogre.
You block the ogre's attack.
The ogre hits you with a giant spiked club!
You feel yourself speed up.
The ogre hits you with a giant spiked club!
You die...

#.. ..##..# #.#
#.##<.# #.# #.##..#
#.# #.....## #.###.#
#.###...
.....#####.......
#####.......######
#########...........#
#.......O@#######....#
#.######### ##.......
#.# #.#.#### #p# ..#.#
#[# ###.# ..# .# ..##
..Z #...


You could see an ogre.

Vanquished Creatures
  Pikel (D:4)
  A slave (D:4)
  An orc wizard (D:4)
  Ijyb (D:3)
  Robin (D:3)
  7 adders
  An adder skeleton (D:3)
  2 worms (D:3)
  2 dart slugs (D:3)
  A leopard gecko (D:1)
  2 orcs
  4 giant cockroaches
  21 goblins
  15 hobgoblins
  3 jackals (D:3)
  10 kobolds
  2 quokkas (D:2)
  2 ball pythons (D:1)
  7 bats
  4 frilled lizards
  6 rats
94 creatures vanquished.

Vanquished Creatures (others)
  An orc wizard (D:4)
1 creature vanquished.

Grand Total: 95 creatures vanquished

Notes
Turn   | Place    | Note
-------+----------+-------------------------------------------
     0 | D:1      | nikopol the Gargoyle Berserker began the quest for the Orb.
     0 | D:1      | Reached XP level 1. HP: 14/14 MP: 1/1
   307 | D:1      | Reached XP level 2. HP: 14/19 MP: 2/2
  1106 | D:2      | Reached XP level 3. HP: 22/23 MP: 3/3
  1387 | D:2      | Reached ** piety under Trog
  1394 | D:2      | Reached skill level 1 in Shields
  1506 | D:2      | Reached XP level 4. HP: 20/29 MP: 4/4
  2032 | D:3      | Noticed Robin
  2073 | D:3      | Killed Robin
  2073 | D:3      | Reached skill level 4 in Fighting
  2324 | D:3      | Reached XP level 5. HP: 33/33 MP: 5/5
  2411 | D:3      | Reached *** piety under Trog
  2486 | D:3      | Found a sacrificial altar of Ru.
  2718 | D:3      | Noticed Ijyb
  2728 | D:3      | Killed Ijyb
  2792 | D:3      | Found an ancient bone altar of Kikubaaqudgha.
  2792 | D:3      | Noticed a human
  2858 | D:4      | Noticed an ogre
  2865 | D:4      | Reached XP level 6. HP: 36/39 MP: 6/6
  2866 | D:4      | Noticed a slave
  2869 | D:4      | Noticed Pikel
  2870 | D:4      | Noticed a slave
  2874 | D:4      | Noticed a slave
  2876 | D:4      | Noticed a slave
  2880 | D:4      | Killed a slave
  2897 | D:4      | Killed Pikel
  2897 | D:4      | Reached skill level 5 in Fighting
  2897 | D:4      | Reached XP level 7. HP: 27/44 MP: 7/7
  2906 | D:4      | Slain by an ogre

Vault maps used:
D:1:      elethiomel_arrival_infinity_welcomes_careful_drivers
D:2:      kennysheep_six_static_rooms, minivault_11
D:3:      nicolae_ru_the_path_less_chosen, first_bread, tgw_kikubaaqudgha,
          uniq_iyjb, uniq_robin
D:4:      serial_shops, nicolae_shop_waterfront, uniq_pikel

Skill      XL: |  1  2  3  4  5  6 |
---------------+-------------------+-----
Shields        | 1 2 3 |  3.6
Dodging        | 2 3 |  3.3
Armour         | 3 4 |  4.5
Fighting       | 4 5 |  5.2
Maces & Flails | 4 |  4.6

Action                   |  1- 3 |  4- 6 |  7- 9 || total
-------------------------+-------+-------+-------++-------
Melee: Mace              |   128 |   204 |       ||   332
Invok: Berserk           |       |     2 |       ||     2
  Eat: Chunk             |     2 |     6 |       ||     8
Armor: Animal skin       |    15 |       |       ||    15
       Chain mail        |    68 |   136 |       ||   204
       Leather armour    |     5 |       |       ||     5
Dodge: Dodged            |    87 |    95 |     2 ||   184
Block: Buckler           |    10 |    38 |     1 ||    49
